 Dungeon Crawl Stone Soup version 0.31-a0-848-gaac375c287 (webtiles) character file.

Game seed: 8439309108827238234

5078 ipx the Cleaver (level 10, -2/49 HPs)
             Began as a Vine Stalker Fighter on Oct 4, 2023.
             Was an Elder of Okawaru.
             Succumbed to a cane toad's poison
             ... on level 1 of the Lair of Beasts.
             The game lasted 00:35:25 (2498 turns).

ipx the Cleaver (Vine Stalker Fighter)              Turns: 2498, Time: 00:35:26

Health: -2/49      AC: 18    Str: 23    XL:     10   Next: 56%
Magic:  11/14      EV:  6    Int:  8    God:    Okawaru [****..]
Gold:   230        SH:  5    Dex: 14    Spells: 9/9 levels left

rFire   + . .        a - +0 war axe
rCold   . . .        c - +0 buckler
rNeg    . . .        k - +4 plate armour
rPois   .            (no helmet)
rElec   .            (no cloak)
rCorr   .            h - +0 pair of gloves
SInv    .            l - +0 pair of boots
Will    +....        (no amulet) Stlth
                     f - ring of protection from fire
HPRegen 1.08/turn    (no ring)
MPRegen 0.14/turn

%: guardian spirit
@: lethally poisoned (-2 -> -22)
A: fangs 3, regeneration 1, magic shield, antimagic bite, no potion heal 2
a: Renounce Religion, Heroism, Finesse


You were on level 1 of the Lair of Beasts.
You worshipped Okawaru.
Okawaru was greatly pleased with you.
You visited 3 branches of the dungeon, and saw 13 of its levels.

You collected 230 gold pieces.

Inventory:

Hand Weapons
 a - a +0 war axe (weapon)
 b - a +1 heavy spear
 e - a +0 battleaxe
 n - a +2 flail
 s - a +0 whip of electrocution
Missiles
 d - 14 poisoned darts
 j - 4 boomerangs (quivered)
Armour
 c - a +0 buckler (worn)
 g - a +0 plate armour
 h - a +0 pair of gloves (worn)
 k - a +4 plate armour (worn)
 l - a +0 pair of boots (worn)
 m - a +0 kite shield
Jewellery
 f - a ring of protection from fire (left hand)
Scrolls
 q - a scroll of teleportation
 r - a scroll of fog
 t - a scroll of enchant armour
 v - a scroll of revelation {unknown}
Potions
 i - a potion of heal wounds {unknown}
 o - a potion of berserk rage
 p - 2 potions of enlightenment
 u - a potion of invisibility {unknown}


   Skills:
 - Level 4.0 Fighting
 * Level 11.4 Axes
 + Level 4.6 Armour
 - Level 3.1 Shields
 + Level 4.7 Invocations
 - Level 4.0 Evocations


You had 9 spell levels left.
You didn't know any spells.
Your spell library contained the following spells:

 Spells                   Type           Power      Damage    Failure   Level
 Static Discharge         Conj/Air       0%         2-2/arc   100%        2
 Wereblood                Tmut           0%         N/A       100%        2
 Airstrike                Air            0%         2d(0-16)  100%        4
 Irradiate                Conj/Tmut      0%         3d11      100%        5
 Summon Lightning Spire   Summ/Air       Unusable   N/A       N/A         4

Dungeon Overview and Level Annotations

Branches:
Dungeon (11/15)            Temple (1/1) D:4            Lair (1/5) D:10
    Orc (0/2) D:10

Altars:
Ashenzari
Cheibriados
Dithmenos
Elyvilon
Fedhas
Gozag
Hepliaklqana
Kikubaaqudgha
Makhleb
Nemelex Xobeh
Okawaru
Qazlal
Ru
Sif Muna
Trog
Uskayaw
Vehumet
Wu Jian
Xom
Yredelemnul
Zin
The Shining One

Annotations:
D:5 exclusion: downstairs
D:6 Flippered's ghost, novice DsCK
D:10 Psyche


Innate Abilities, Weirdness & Mutations

You have razor-sharp teeth.
Your natural rate of healing is unusually fast.
When hurt, damage is shared between your health and your magic reserves.
Your bite disrupts and absorbs the magic of your enemies.
Potions cannot restore your health.


Message History

You hit the water moccasin.
You kill the water moccasin!
Okawaru accepts your kill.
You feel sick.
You hit the cane toad but do no damage. You bite the cane toad.
You drain its power.
You feel invigorated.
The cane toad is lightly wounded.
You feel sick. The cane toad stings you!
You are more poisoned.
The cane toad poisons you!
You barely miss the cane toad.
The basilisk hisses angrily.
You bite the cane toad. You drain its power.
You feel invigorated.
The cane toad is moderately wounded.
You feel very sick. The cane toad barely misses you.
Okay, then.
Unknown command.
You slash the cane toad! You bite the cane toad. You drain its power.
You feel invigorated.
The cane toad is heavily wounded.
You feel very sick. The cane toad stings you!
* * * LOW HITPOINT WARNING * * *
You closely miss the cane toad.
You bite the cane toad, but do no damage.
The cane toad is heavily wounded.
You feel very sick. You block the cane toad's attack. The cane toad stings you.
* * * LOW HITPOINT WARNING * * *
You slash the cane toad!
The cane toad is severely wounded.
You feel sick. The cane toad stings you!
* * * LOW HITPOINT WARNING * * *
You are lethally poisoned!
The cane toad poisons you!
You hit the cane toad but do no damage. You bite the cane toad.
You drain its power.
You feel invigorated.
The cane toad is severely wounded.
You die...

.. .#.. .## #...
.P###... ....
#...... #....
..... .##..P .h.
.. ...#..####F#
..#
........#.@##...#
.......l......#
#..........####
## #........#
###.# ..##......#
.#...
###....##.....
#...........
##..........
###.........


You could see a polar bear, a cane toad and a basilisk.

Vanquished Creatures
  2 cane toads (Lair:1)
  A komodo dragon (Lair:1)
  2 polar bears (Lair:1)
  A troll (D:9)
  A hornet (D:10)
  Sigmund (D:5)
  A wraith (D:10)
  A wyvern (Lair:1)
  A basilisk (Lair:1)
  2 water moccasins
  4 orc warriors (D:10)
  2 sky beasts (D:7)
  3 black bears
  An ogre (D:5)
  A centaur (D:8)
  A phantom (D:4)
  2 kobold brigands
  A gnoll sergeant (D:6)
  2 bullfrogs (D:7)
  2 scorpions
  4 wights
  4 howler monkeys
  2 jellies
  3 orc priests
  6 hounds
  A gnoll bouda (D:7)
  2 iguanas (D:5)
  A sleepcap (D:5)
  Jessica (D:3)
  3 orc wizards
  11 adders
  8 gnolls
  A shadow imp (D:7)
  An ufetubus (D:4)
  3 dart slugs
  19 orcs
  A bat (D:2)
  3 endoplasms
  2 giant cockroaches
  A hobgoblin (D:1)
  12 kobolds
  2 quokkas
  3 ball pythons
  5 frilled lizards
  8 goblins
  2 rats
141 creatures vanquished.

Notes
Turn   | Place    | Note
-------+----------+-------------------------------------------
     0 | D:1      | ipx the Vine Stalker Fighter began the quest for the Orb.
     0 | D:1      | Reached XP level 1. HP: 11/11 MP: 2/2
    57 | D:1      | Reached skill level 2 in Axes
   199 | D:1      | Reached XP level 2. HP: 16/16 MP: 3/3
   494 | D:2      | Reached skill level 3 in Axes
   494 | D:2      | Reached XP level 3. HP: 19/19 MP: 4/4
   710 | D:3      | Noticed Jessica
   714 | D:3      | Killed Jessica
   715 | D:3      | Reached skill level 4 in Axes
   715 | D:3      | Reached XP level 4. HP: 16/23 MP: 1/5
   777 | D:3      | You fall into a shaft and drop 3 floors!
   781 | D:7      | Noticed a sky beast
   787 | D:6      | Noticed a water moccasin
   802 | D:6      | Noticed a water moccasin
   805 | D:6      | Noticed a kobold brigand
   806 | D:6      | Noticed a water moccasin
   814 | D:6      | Killed a water moccasin
   815 | D:6      | Reached XP level 5. HP: 27/27 MP: 6/6
   821 | D:6      | Killed a kobold brigand
   822 | D:6      | Reached skill level 5 in Axes
   822 | D:6      | Reached XP level 6. HP: 27/32 MP: 7/7
   846 | D:5      | Entered Level 5 of the Dungeon
   863 | D:6      | Noticed a black bear
   877 | D:5      | Reached XP level 7. HP: 28/35 MP: 6/8
   924 | D:5      | Noticed Sigmund
   945 | D:5      | Killed Sigmund
   946 | D:5      | Reached skill level 6 in Axes
  1068 | D:4      | Found a staircase to the Ecumenical Temple.
  1074 | Temple   | Entered the Ecumenical Temple
  1084 | Temple   | Became a worshipper of Warmaster Okawaru
  1266 | D:3      | Reached skill level 7 in Axes
  1266 | D:3      | Gained mutation: You have razor-sharp teeth. [Vine Stalker
                  | growth]
  1266 | D:3      | Reached XP level 8. HP: 39/39 MP: 9/9
  1374 | D:6      | Noticed Flippered's ghost (novice DsCK)
  1403 | D:6      | Found an ornate altar of the Wu Jian Council.
  1404 | D:6      | Found a white marble altar of Elyvilon.
  1406 | D:6      | Found a stormy altar of Qazlal.
  1406 | D:6      | Found an opulent altar of Gozag.
  1408 | D:6      | Found an ancient bone altar of Kikubaaqudgha.
  1409 | D:6      | Found a hide-covered altar of Uskayaw.
  1431 | D:6      | Reached * piety under Okawaru
  1529 | D:6      | Reached skill level 8 in Axes
  1556 | D:7      | Reached skill level 1 in Invocations
  1618 | D:7      | Reached XP level 9. HP: 23/45 MP: 5/11
  1634 | D:7      | Reached ** piety under Okawaru
  1635 | D:7      | Reached skill level 9 in Axes
  1914 | D:10     | Entered Level 10 of the Dungeon
  1958 | D:10     | Noticed a hornet
  1966 | D:10     | Killed a hornet
  1983 | D:10     | Identified the +10 war axe "Hauzxeb" {heavy, rF- rCorr
                  | MP+9}
  1984 | D:10     | Noticed a cyclops
  2039 | D:10     | Noticed Psyche
  2259 | D:10     | Found a staircase to the Orcish Mines.
  2264 | D:10     | Noticed a troll
  2274 | D:9      | Killed a troll
  2275 | D:9      | Reached skill level 10 in Axes
  2307 | D:10     | Reached *** piety under Okawaru
  2309 | D:10     | Reached XP level 10. HP: 8/49 MP: 3/14
  2363 | D:10     | Found a staircase to the Lair.
  2370 | D:10     | Noticed a two-headed ogre
  2376 | Lair:1   | Entered Level 1 of the Lair of Beasts
  2376 | Lair:1   | Noticed a cane toad
  2401 | Lair:1   | Killed a cane toad
  2411 | Lair:1   | Reached skill level 11 in Axes
  2431 | Lair:1   | Noticed a cane toad
  2438 | Lair:1   | Killed a cane toad
  2468 | Lair:1   | Noticed a cane toad
  2485 | Lair:1   | Reached **** piety under Okawaru
  2498 | Lair:1   | Succumbed to a cane toad's poison

Illustrated notes

Levels and vault maps discovered:
D:1:      scummos_arrival_star, layout_loops_corners
D:2:      layout_loops_ring, kennysheep_generic_room_11, uniq_robin
D:3:      layout_loops_cross, hellmonk_ecumenical_altar_defaced_shrine,
          kennysheep_generic_room_12, uniq_jessica, uniq_crazy_yiuf_cottage
D:4:      layout_basic, minmay_temple_entry_hall
D:5:      layout_cave_pools, serial_shops, shop, minmay_diced_spiral,
          uniq_sigmund
D:6:      layout_basic, grunt_temple_overflow_open, gammafunk_ghost_split,
          guppyfry_early_elven_hall, uniq_maggie
D:7:      kennysheep_spiral_hall, layout_gridville, nicolae_nh_ransacked_shop
D:8:      layout_basic, serial_rivers, chequers_serial_rivers_micro_a,
          chequers_serial_rivers_small_3, chequers_serial_rivers_small_3,
          chequers_serial_rivers_room_b, chequers_serial_rivers_marsh,
          st_stairs_14, eino_tiny_chamber, minmay_curled_crystal,
          minmay_checkerbox
D:9:      layout_gridville
D:10:     minmay_the_grid_net [minmay_the_grid_aliased_spiral,
          minmay_the_grid_tri_star, minmay_the_grid_rooms,
          minmay_the_grid_stretched_grid, minmay_the_grid_mess,
          minmay_the_grid_prize_four_corners_diamond_b], layout_cave_pools,
          minmay_orc_entry_temple_small, enter_bailey_5, serial_shops, shop,
          uniq_psyche, uniq_maurice, uniq_urug
D:11:     layout_irregular_city, gammafunk_ghost_necromancy
Temple:   eino_temple_rhombus
Lair:1:   layout_cave_pods, cheibrodos_lair_lostbears, infiniplex_staircase_pool

Skill      XL: |  1  2  3  4  5  6  7  8  9 10 |
---------------+-------------------------------+-----
Axes           | 2 3 4 5 7 8 10 11 | 11.4
Evocations     | 2 3 4 |  4.0
Fighting       | 4 |  4.0
Invocations    | 2 4 |  4.7
Shields        | 3 |  3.1
Armour         | 3 4 |  4.6

Action                     |  1- 3 |  4- 6 |  7- 9 | 10-12 || total
---------------------------+-------+-------+-------+-------++-------
  Melee: War axe           |    47 |    68 |   238 |    83 ||   436
         Bite              |     8 |    11 |    59 |    30 ||   108
  Throw: Dart              |       |       |     1 |       ||     1
         Boomerang         |       |       |       |     9 ||     9
  Evoke: Wand              |       |     3 |    23 |       ||    26
    Use: Scroll            |       |     5 |     4 |       ||     9
         Potion            |       |     1 |     5 |       ||     6
 Armour: Scale mail        |    18 |       |       |       ||    18
         Plate armour      |    20 |    72 |   306 |    84 ||   482
  Dodge: Dodged            |    10 |    16 |    83 |    24 ||   133
  Block: Buckler           |     5 |    21 |    74 |    17 ||   117

Table legend: (Time is in decaauts)
 A = Elapsed time spent in this place.
 B = Non-inter-level travel time spent in this place.
 C = Inter-level travel time spent in this place.
 D = Time resting spent in this place.
 E = Time spent auto-exploring this place.
 F = Levels seen in this place.
 G = Mean time per level.
                   A        B        C        D        E       F      G
               +--------+--------+--------+--------+--------+-----+--------+
         Total |   2618 |   2434 |    184 |      0 |      0 |  13 |  201.4 |
       Dungeon |   2474 |   2308 |    166 |      0 |      0 |  11 |  224.9 |
        Temple |     20 |      2 |     18 |      0 |      0 |   1 |   20.0 |
          Lair |    122 |    122 |      0 |      0 |      0 |   1 |  122.0 |
               +--------+--------+--------+--------+--------+-----+--------+

Top non-repeatable levels by time:
     D:1: 486 daAuts
     D:8: 262 daAuts
    D:10: 261 daAuts
     D:6: 256 daAuts
     D:7: 241 daAuts
     D:4: 225 daAuts
     D:3: 223 daAuts
     D:2: 213 daAuts
     D:5: 188 daAuts
  Lair:1: 122 daAuts
     D:9: 105 daAuts
  Temple: 20 daAuts
    D:11: 10 daAuts
